 Seeded DCSS version 0.31-a0-210-gccc998df9b (webtiles) character file.

Game seed: 8113056780134302019 (custom seed)

27819 innerfire43 the Cleaver (level 13, -3/98 HPs)
             Began as a Demonspawn Monk on June 30, 2023.
             Was the Champion of Hepliaklqana.
             Slain by a very large slime creature (58 damage)
             ... on level 14 of the Dungeon.
             The game lasted 00:17:22 (11036 turns).

innerfire43 the Cleaver (Demonspawn Monk)          Turns: 11036, Time: 00:17:22

Health: -3/98      AC: 16    Str: 17    XL:     13   Next: 6%
Magic:  13/13      EV: 12    Int: 11    God:    Hepliaklqana [******]
Gold:   858        SH:  0    Dex: 22    Spells: 12/12 levels left

rFire   + + .        f - +2 battleaxe of Awkwardness {spect, rElec rF+}
rCold   + . .        (shield currently unavailable)
rNeg    . . .        F - +2 ring mail {rC+}
rPois   .            h - +0 helmet
rElec   +            s - +0 cloak
rCorr   .            l - +2 pair of gloves {Stlth+}
SInv    .            w - +0 pair of boots
Will    .....        R - amulet of faith
Stlth   ++           o - ring of protection from fire
HPRegen 0.36/turn    X - +6 ring of dexterity
MPRegen 0.13/turn

%: faith
@: no status effects
A: reduced essence, thin metallic scales 2, demonic guardian 2, powered by death
1, demonic touch 2
a: Renounce Religion, Recall Ancestor, Ancestor Identity, Transference, Idealise


You were on level 14 of the Dungeon.
You worshipped Hepliaklqana.
Hepliaklqana was exalted by your worship.
You visited 1 branch of the dungeon, and saw 14 of its levels.

You collected 858 gold pieces.

Inventory:

Hand Weapons
 f - the +2 battleaxe of Awkwardness (weapon) {spect, rElec rF+}
   (You acquired it on level 1 of the Dungeon)

   rF:        It protects you from fire.
   rElec:     It insulates you from electricity.
Armour
 h - a +0 helmet (worn)
 l - a +2 pair of gloves of stealth (worn)
 s - a +0 cloak (worn)
 w - a +0 pair of boots (worn)
 F - a +2 ring mail of cold resistance (worn)
Jewellery
 b - a +4 ring of protection
 e - a ring of see invisible
 o - a ring of protection from fire (left hand)
 C - a ring of positive energy
 R - an amulet of faith (around neck)
 X - a +6 ring of dexterity (right hand)
Wands
 y - a wand of roots (12)
 H - a wand of polymorph (2)
 N - a wand of flame (5)
 O - a wand of acid (4)
 Q - a wand of charming (6)
 V - a wand of mindburst (15)
Scrolls
 a - 2 scrolls of identify
 i - 2 scrolls of fog
 j - 11 scrolls of teleportation
 k - 3 scrolls of amnesia
 m - 2 scrolls of blinking
 r - a scroll of enchant weapon
 t - 2 scrolls of torment
 I - 2 scrolls of revelation
 K - 2 scrolls of fear
 W - 2 scrolls of immolation {unknown}
 Z - a scroll of silence {unknown}
Potions
 c - a potion of ambrosia
 d - a potion of brilliance {unknown}
 g - a potion of might {unknown}
 n - a potion of degeneration {unknown}
 q - 3 potions of heal wounds
 u - a potion of attraction {unknown}
 v - 2 potions of resistance
 x - 2 potions of enlightenment {unknown}
 A - 2 potions of haste
 B - 5 potions of curing {unknown}
 D - 3 potions of lignification {unknown}
 E - 5 potions of mutation {unknown}
 P - a potion of magic {unknown}
 U - 3 potions of berserk rage {unknown}
 Y - 2 potions of cancellation {unknown}
Miscellaneous
 S - a tin of tremorstones (2/2)


   Skills:
 + Level 12.7 Fighting
 + Level 14.4 Axes
 - Level 3.2 Dodging
 * Level 10.4 Evocations


You had 12 spell levels left.
You didn't know any spells.
Your spell library contained the following spells:

 Spells                   Type           Power      Damage    Failure   Level
 Slow                     Hex            0%         N/A       54%         1
 Cigotuvi's Dreadful Rot  Necr/Pois/Air  0%         N/A       69%         2
 Ensorcelled Hibernation  Hex/Ice        0%         N/A       69%         2
 Poisonous Vapours        Pois/Air       0%         N/A       69%         2
 Confusing Touch          Hex            0%         N/A       89%         3
 Dazzling Flash           Conj/Hex       0%         N/A       89%         3
 Inner Flame              Hex/Fire       0%         N/A       89%         3
 Mephitic Cloud           Conj/Pois/Air  0%         N/A       89%         3
 Spider Form              Tmut/Pois      0%         N/A       89%         3
 Vampiric Draining        Necr           0%         2d6       89%         3
 Anguish                  Hex/Necr       0%         N/A       100%        4
 Animate Dead             Necr           0%         N/A       100%        4
 Dispel Undead            Necr           0%         3d6       100%        4
 Flame Wave               Conj/Fire      0%         2d4       100%        4
 Sticky Flame             Conj/Fire      0%         2d3       100%        4
 Agony                    Necr           0%         N/A       100%        5
 Borgnjor's Vile Clutch   Necr/Erth      0%         N/A       100%        5
 Freezing Cloud           Conj/Ice/Air   0%         6-21      100%        5
 Silence                  Hex/Air        0%         N/A       100%        5
 Death Channel            Necr           0%         N/A       100%        6


Dungeon Overview and Level Annotations

Branches:
Dungeon (14/15)            Temple (0/1) D:6            Lair (0/5) D:9
    Orc (0/2) D:11         Vaults (0/5) D:13

Altars:
Ashenzari
Cheibriados
Dithmenos
Fedhas
Hepliaklqana
Kikubaaqudgha
Sif Muna
Vehumet
Wu Jian

Shops:
D:1 ?

Portals:
Bailey: D:7

Annotations:
D:14 Ricoe's ghost, journeyman FoFi


Innate Abilities, Weirdness & Mutations

Your life essence is reduced to manifest your ancestor. (-10% HP)
You are mostly covered in thin metallic scales. (AC +3)
A demonic guardian rushes to your aid.
You regenerate a little health from kills.
Your touch may inflict irresistible damage on your foes.


Message History

You hit the large slime creature but do no damage.
Your +2 battleaxe of Awkwardness {spect, rElec rF+} hits the slime creature!
Your +2 battleaxe of Awkwardness {spect, rElec rF+} hits the large slime creature!!
Your +2 battleaxe of Awkwardness {spect, rElec rF+} hits the slime creature.
Your +2 battleaxe of Awkwardness {spect, rElec rF+} hits the slime creature!!
Your +2 battleaxe of Awkwardness {spect, rElec rF+} barely misses the large slime creature.
The large slime creature closely misses you.
The slime creature hits you but does no damage.
The slime creature hits you!
You slice the slime creature!!
You kill the slime creature!
You hit the very large slime creature. You slash the large slime creature!
You slash the slime creature!
Your +2 battleaxe of Awkwardness {spect, rElec rF+} hits the slime creature!
You kill the slime creature!
Your +2 battleaxe of Awkwardness {spect, rElec rF+} barely misses the large slime creature.
Your +2 battleaxe of Awkwardness {spect, rElec rF+} hits the large slime creature!!
Your +2 battleaxe of Awkwardness {spect, rElec rF+} hits the very large slime creature!!
Your +2 battleaxe of Awkwardness {spect, rElec rF+} hits the large slime creature.
A large slime creature splits.
The very large slime creature hits you!!!
There are monsters nearby!
You are too injured to fight recklessly!
Unknown command.
There are monsters nearby!
You are too injured to fight recklessly!
Unknown command.
There are monsters nearby!
You are too injured to fight recklessly!
Unknown command.
You are too injured to fight recklessly!
You feel much better.
Your +2 battleaxe of Awkwardness {spect, rElec rF+} disappears.
The slime creature hits you!
Two slime creatures merge to form a large slime creature.
Dad points at the very large slime creature and mumbles some strange words.
The very large slime creature seems to slow down.
The very large slime creature hits you!!!
Ouch! That really hurt!
You die...

...............
...............
.......:........
.................
....c..c.........
.....cJJ.........
.....cJJJc.......
.....R.@.........
..#..............
#...^...........
#...............
##..............
#..............
..#.............
#................
#................


You could see the friendly Dad the hexer, a very large slime creature (slow,
ally target), a large slime creature, 3 slime creatures, a centaur warrior and 4
centaurs.

Vanquished Creatures
  The ghost of Povuddamn the Warrior, a journeyman DsWn of Jiyva (D:13)
  A centaur warrior (D:13)
  3 two-headed ogres
  A boulder beetle (D:8)
  Nergalle (D:11)
  Pikel (D:8)
  A deep elf pyromancer (D:13)
  A cyclops (D:14)
  A manticore (D:14)
  3 spectral centaurs (D:13)
  2 centaur zombies (D:13)
  An unseen horror (D:11)
  A kobold demonologist (D:9)
  2 meliai (D:11)
  Grinder (D:3)
  A queen bee (shapeshifter) (D:13)
  A vampire (D:12)
  Sigmund (D:6)
  12 humans (D:13)
  A shadow (D:11)
  3 wyverns
  Grum (D:8)
  10 slime creatures
  6 yaks (D:10)
  3 wraiths
  A basilisk (D:12)
  10 vampire mosquitoes
  An acid dragon (D:12)
  A water moccasin (D:5)
  7 orc warriors
  A spectral hornet (D:13)
  2 black bears
  3 ice beasts
  2 sky beasts
  2 ogres (D:5)
  A centaur (D:9)
  3 wolves (D:8)
  2 lemures (D:8)
  2 kobold brigands
  3 bullfrogs
  A gnoll sergeant (D:6)
  A scorpion (D:6)
  12 wights
  6 killer bees
  8 howler monkeys
  2 electric eels (D:8)
  2 hounds
  3 jellies
  An orc priest (D:12)
  A sleepcap (D:8)
  2 orc wizards (D:9)
  A boggart zombie (D:13)
  8 iguanas
  12 gnolls
  10 adders
  A shadow imp (D:7)
  A white imp (D:6)
  An ufetubus (D:5)
  3 worms
  4 dart slugs
  26 orcs
  10 bats
  6 endoplasms
  5 giant cockroaches
  10 goblins
  A hobgoblin (D:3)
  11 kobolds
  2 quokkas
  9 ball pythons
  A frilled lizard (D:3)
  3 rats
265 creatures vanquished.

Vanquished Creatures (collateral kills)
  An entropy weaver (shapeshifter) (D:13)
  A centaur warrior (D:13)
  A boulder beetle (D:11)
  A two-headed ogre (D:13)
  An orc knight (D:13)
  A deep elf pyromancer (D:14)
  3 cyclopes
  An ugly thing (D:12)
  A troll (D:12)
  A meliai (D:11)
  A hornet (D:9)
  2 slime creatures
  A wyvern (D:9)
  4 humans (D:13)
  A yak (D:9)
  A vampire mosquito (D:12)
  A wight (D:6)
  2 killer bees (D:9)
  2 howler monkeys (D:8)
  An electric eel (D:8)
  A gnoll bouda (D:7)
  An orc priest (D:8)
  An orc wizard (D:8)
  A gnoll (D:7)
  An orc (D:9)
  A goblin (D:7)
34 creatures vanquished.

Vanquished Creatures (others)
  A hexer (D:13)
  A spectral weapon (D:10)
2 creatures vanquished.

Grand Total: 301 creatures vanquished

Notes
Turn   | Place    | Note
-------+----------+-------------------------------------------
     0 | D:1      | innerfire43 the Demonspawn Monk began the quest for the
                  | Orb.
     0 | D:1      | Reached XP level 1. HP: 18/18 MP: 1/1
   104 | D:1      | Gained mutation: Your touch may inflict minor irresistible
                  | damage on your foes. [demonic ancestry]
   104 | D:1      | Reached XP level 2. HP: 21/24 MP: 2/2
   137 | D:1      | Reached skill level 3 in Axes
   259 | D:1      | Reached XP level 3. HP: 28/29 MP: 3/3
   319 | D:1      | Identified a scroll of acquirement
   319 | D:1      | Acquired the +2 battleaxe of Awkwardness {spect, rElec rF+}
   426 | D:1      | Found Ponycs's Magic Scroll Shop.
   576 | D:2      | Gained mutation: You are partially covered in thin metallic
                  | scales. (AC +2) [demonic ancestry]
   576 | D:2      | Reached XP level 4. HP: 31/37 MP: 4/4
  1390 | D:3      | Reached skill level 4 in Axes
  1450 | D:3      | Noticed Grinder
  1453 | D:3      | Paralysed by Grinder for 4 turns
  1460 | D:3      | Paralysed by Grinder for 4 turns
  1469 | D:3      | Killed Grinder
  1470 | D:3      | Reached skill level 5 in Axes
  1470 | D:3      | Gained mutation: Your touch may inflict irresistible damage
                  | on your foes. [demonic ancestry]
  1470 | D:3      | Reached XP level 5. HP: 28/43 MP: 5/5
  1470 | D:3      | Reached XP level 6. HP: 32/49 MP: 6/6
  2375 | D:4      | Reached skill level 5 in Fighting
  2425 | D:4      | Acquired a +0 pair of gloves of stealth
  2487 | D:4      | Found an ancient bone altar of Kikubaaqudgha.
  2844 | D:5      | Entered Level 5 of the Dungeon
  2905 | D:5      | Noticed a water moccasin
  2917 | D:5      | Killed a water moccasin
  2918 | D:5      | Reached skill level 6 in Axes
  2918 | D:5      | Gained mutation: A weak demonic guardian rushes to your
                  | aid. [demonic ancestry]
  2918 | D:5      | Reached XP level 7. HP: 51/56 MP: 7/7
  3129 | D:5      | Reached skill level 7 in Axes
  3264 | D:5      | Gained mutation: You regenerate a little health from kills.
                  | [demonic ancestry]
  3264 | D:5      | Reached XP level 8. HP: 64/64 MP: 8/8
  3268 | D:5      | Found a hazy altar of Hepliaklqana.
  3641 | D:5      | Became a worshipper of Hepliaklqana the Forgotten
  3641 | D:5      | Reached * piety under Hepliaklqana
  3641 | D:5      | Reached ** piety under Hepliaklqana
  3642 | D:5      | Remembered your ancestor Dad as a hexer
  3734 | D:6      | Noticed Sigmund
  3739 | D:6      | Killed Sigmund
  3740 | D:6      | Reached skill level 8 in Axes
  3861 | D:6      | Found a staircase to the Ecumenical Temple.
  3875 | D:6      | Reached skill level 9 in Axes
  3879 | D:6      | Reached XP level 9. HP: 64/64 MP: 9/9
  3905 | D:6      | Found a radiant altar of Vehumet.
  4257 | D:7      | Found a flagged portal.
  4432 | D:7      | Found a broken altar of Ashenzari.
  4479 | D:7      | Reached skill level 10 in Axes
  4650 | D:7      | Reached *** piety under Hepliaklqana
  4659 | D:7      | Found an ornate altar of the Wu Jian Council.
  4937 | D:8      | Noticed Grum
  4944 | D:8      | Killed Grum
  5025 | D:8      | Noticed a boulder beetle
  5043 | D:8      | Killed a boulder beetle
  5044 | D:8      | Reached skill level 11 in Axes
  5044 | D:8      | Reached XP level 10. HP: 30/74 MP: 10/10
  5211 | D:8      | Noticed a two-headed ogre
  5216 | D:8      | Killed a two-headed ogre
  5465 | D:8      | Noticed Pikel
  5472 | D:8      | Killed Pikel
  5887 | D:9      | Reached skill level 12 in Axes
  5976 | D:9      | Reached skill level 10 in Fighting
  6156 | D:9      | Found a blossoming altar of Fedhas.
  6184 | D:9      | Found a staircase to the Lair.
  6311 | D:9      | Identified the +1 flail of Equivalence {elec, rPois Int+5
                  | Dex-5 Stlth+}
  6436 | D:9      | Reached **** piety under Hepliaklqana
  6681 | D:9      | Gained mutation: You are mostly covered in thin metallic
                  | scales. (AC +3) [demonic ancestry]
  6681 | D:9      | Reached XP level 11. HP: 68/82 MP: 11/11
  6735 | D:10     | Entered Level 10 of the Dungeon
  6738 | D:10     | Found a shimmering blue altar of Sif Muna.
  6990 | D:10     | Found a shadowy altar of Dithmenos.
  7141 | D:10     | Reached skill level 1 in Evocations
  7292 | D:10     | Found a snail-covered altar of Cheibriados.
  7641 | D:10     | Reached skill level 13 in Axes
  8204 | D:11     | Noticed a two-headed ogre
  8210 | D:11     | Killed a two-headed ogre
  8290 | D:11     | Noticed Nergalle
  8297 | D:11     | Killed Nergalle
  8323 | D:11     | Reached ***** piety under Hepliaklqana
  8329 | D:11     | Found a staircase to the Orcish Mines.
  8395 | D:11     | Reached skill level 5 in Evocations
  8843 | D:11     | Noticed a boulder beetle
  8850 | D:11     | Killed a boulder beetle
  9059 | D:12     | Noticed a purple ugly thing
  9069 | D:12     | Killed a purple ugly thing
  9659 | D:12     | Gained mutation: A demonic guardian rushes to your aid.
                  | [demonic ancestry]
  9659 | D:12     | Reached XP level 12. HP: 89/90 MP: 12/12
 10098 | D:13     | Noticed a two-headed ogre
 10108 | D:13     | Killed a two-headed ogre
 10115 | D:13     | Found a gate to the Vaults.
 10121 | D:13     | Noticed a two-headed ogre
 10125 | D:13     | Noticed a centaur warrior
 10129 | D:13     | Killed a two-headed ogre
 10135 | D:13     | Killed a centaur warrior
 10415 | D:13     | Reached skill level 14 in Axes
 10454 | D:13     | Found a runed translucent gate.
 10454 | D:13     | Found a runed translucent gate.
 10454 | D:13     | Found a runed translucent gate.
 10455 | D:13     | Noticed Povuddamn's ghost (journeyman DsWn)
 10456 | D:13     | Noticed an entropy weaver
 10465 | D:13     | Killed an entropy weaver
 10495 | D:13     | Noticed a centaur warrior
 10500 | D:13     | Killed a centaur warrior
 10764 | D:13     | Identified the +5 trident "Guizxoi" {heavy, rCorr Int+2
                  | Stlth+}
 10825 | D:13     | Killed Povuddamn's ghost
 10826 | D:13     | Reached skill level 10 in Evocations
 10934 | D:14     | Reached XP level 13. HP: 98/98 MP: 13/13
 10949 | D:14     | Noticed a blizzard demon
 10949 | D:14     | Noticed Ricoe's ghost (journeyman FoFi)
 11031 | D:14     | Reached ****** piety under Hepliaklqana
 11036 | D:14     | Slain by a very large slime creature

Illustrated notes

Levels and vault maps discovered:
D:1:      roderic_crossed_star, layout_rooms, serial_shops, nicolae_diamond_shop
D:2:      layout_loops_cross
D:3:      layout_basic, uniq_grinder
D:4:      layout_basic, zin_academy, kennysheep_mini
D:5:      layout_basic, kennysheep_mini_moat, grunt_decor_one_mirror,
          kennysheep_generic_room_9
D:6:      layout_loops_ring, vehumet_crystals, minmay_temple_entry_stoned_glass,
          uniq_sigmund
D:7:      layout_rooms, evilmike_ruin_ashenzari, lemuel_coloured_pillars_altar,
          enter_bailey_5
D:8:      layout_loops_corners, water_boxes_lemuel, uniq_pikel, uniq_grum
D:9:      layout_roguey, marbit_many_paths, fedhas_ov_isle_minmay,
          grunt_lair_entry_orc_guard_hut
D:10:     layout_roguey, cheibriados_altar_1,
          mainiacjoe_overflow_large_starburst, serial_co_window_serial,
          co_window_paths_b, co_window_paths_b, co_window_corner_a,
          co_window_paths_a, co_window_of_opportunity_a, co_window_paths_b,
          co_window_corner_a, co_window_broadway_c, co_window_corner_b,
          co_window_2corner, co_window_corner_cb, minmay_misc_feat_ornament
D:11:     layout_basic, orc_0_dummy, uniq_nergalle
D:12:     layout_stronghold
D:13:     layout_irregular_city, david_vaults_3, gammafunk_ghost_necromancy
D:14:     layout_big_octagon, gammafunk_ghost_icy, minmay_misc_feat_doors,
          nicolae_yredelemnul_corpse_copse

Skill      XL: |  1  2  3  4  5  6  7  8  9 10 11 12 |
---------------+-------------------------------------+-----
Dodging        | 3 |  3.2
Axes           | 3 5 6 7 9 11 12 13 14 | 14.4
Fighting       | 4 5 6 7 9 10 11 12 | 12.7
Evocations     | 6 10 | 10.4

Action                     |  1- 3 |  4- 6 |  7- 9 | 10-12 | 13-15 || total
---------------------------+-------+-------+-------+-------+-------++-------
  Melee: Hand axe          |    58 |       |       |       |       ||    58
         Battleaxe         |     8 |    79 |   147 |   294 |     8 ||   536
 Invoke: Ancestor Life: He |       |       |     1 |       |       ||     1
         Ancestor Identity |       |       |     1 |       |       ||     1
    Use: Scroll            |     1 |     1 |     4 |     9 |       ||    15
         Potion            |       |     2 |       |     2 |     1 ||     5
   Stab: Sleeping          |     1 |     4 |       |     2 |       ||     7
         Distracted        |       |     1 |     2 |    10 |     1 ||    14
         Confused          |       |       |     5 |     6 |       ||    11
 Armour: Robe              |    13 |    19 |    31 |       |       ||    63
         Ring mail         |       |       |    14 |   145 |     2 ||   161
  Dodge: Dodged            |    47 |    46 |   103 |   216 |     4 ||   416

Table legend: (Time is in decaauts)
 A = Elapsed time spent in this place.
 B = Non-inter-level travel time spent in this place.
 C = Inter-level travel time spent in this place.
 D = Time resting spent in this place.
 E = Time spent auto-exploring this place.
 F = Levels seen in this place.
 G = Mean time per level.
                   A        B        C        D        E       F      G
               +--------+--------+--------+--------+--------+-----+--------+
         Total |  11137 |  10718 |    419 |      0 |   8964 |  14 |  795.5 |
       Dungeon |  11137 |  10718 |    419 |      0 |   8964 |  14 |  795.5 |
               +--------+--------+--------+--------+--------+-----+--------+

Top non-repeatable levels by time:
    D:10: 1239 daAuts
     D:4: 1110 daAuts
     D:8: 1069 daAuts
    D:12: 1040 daAuts
    D:11: 1011 daAuts
     D:9: 877 daAuts
    D:13: 850 daAuts
     D:5: 838 daAuts
     D:2: 714 daAuts
     D:6: 604 daAuts
     D:7: 553 daAuts
     D:1: 536 daAuts
     D:3: 528 daAuts
    D:14: 162 daAuts
